 Dungeon Crawl Stone Soup version 0.28.0-45-g0d030f2227 (webtiles) character file.

Game seed: 12074422140538380204

10937 101zpm the Basher (level 11, -3/68 HPs)
             Began as a Gargoyle Fighter on Apr 10, 2022.
             Slain by a two-headed ogre
             ... wielding a +0 giant club
              (10 damage)
             ... on level 11 of the Dungeon.
             The game lasted 00:31:55 (13294 turns).

101zpm the Basher (Gargoyle Fighter)               Turns: 13294, Time: 00:31:56

Health: -3/68      AC: 17    Str: 24    XL:     11   Next: 69%
Magic:  11/11      EV: 19    Int:  9    God:
Gold:   675        SH: 13    Dex:  9    Spells: 10/10 levels left

rFire   . . .      SeeInvis .   r - +4 whip
rCold   . . .      Faith    .   C - +2 buckler {rN+}
rNeg    + + .      Spirit   .   b - +0 scale mail
rPois   ∞          Reflect  +   (no helmet)
rElec   +          Harm     .   h - +0 cloak
rCorr   .          Rampage  .   (no gloves)
Will    .....                   (no boots)
Stlth   ..........              x - amulet of reflection
HPRegen 0.21/turn               k - +4 ring of evasion
MPRegen 0.12/turn               K - +4 ring of evasion

@: studying Summonings
A: sickness immunity, AC +8, negative energy resistance 1, electricity
resistance, torment resistance 1, petrification resistance
a: no special abilities


You were on level 11 of the Dungeon.
You visited 1 branch of the dungeon, and saw 11 of its levels.
You visited the Abyss 1 time.

You collected 699 gold pieces.
You spent 24 gold pieces at shops.

Inventory:

Hand Weapons
 a - a +0 flail
 j - a +1 flail of protection
 r - a +4 whip (weapon)
 R - a +2 battleaxe of freezing
Missiles
 c - 8 javelins
 e - 270 stones
 f - 178 arrows
 v - 33 bolts
 D - 25 boomerangs
 F - 83 sling bullets
 P - a throwing net
 U - 19 poisoned darts
 Y - a curare-tipped dart
Armour
 b - a +0 scale mail (worn)
 h - a +0 cloak (worn)
 C - a +2 buckler of positive energy (worn)
 L - an orb of mayhem
Jewellery
 k - a +4 ring of evasion (left hand)
 u - a +6 ring of dexterity
 x - an amulet of reflection (around neck)
 y - the ring of the Omega Point {rElec rPois Will- MP+9}
   (You found it on level 4 of the Dungeon)

   [ring of magical power]

   rElec:     It insulates you from electricity.
   rPois:     It protects you from poison.
   MP:        It affects your magic capacity (+9).
   Will:      It decreases your willpower.
 E - a ring of fire
 K - a +4 ring of evasion (right hand)
 M - an amulet of the acrobat
 T - an amulet of faith
 V - an amulet of regeneration
Wands
 N - a wand of mindburst (30)
 X - a wand of flame (6) (quivered)
Scrolls
 g - 5 scrolls of teleportation
 l - a scroll of acquirement {unknown}
 m - a scroll of immolation {unknown}
 o - a scroll of fog {unknown}
 q - 3 scrolls of enchant weapon {unknown}
 s - a scroll of brand weapon {unknown}
 t - 3 scrolls of amnesia
 w - 4 scrolls of noise
 A - a scroll of blinking
 B - 2 scrolls of vulnerability {unknown}
 G - a scroll of torment {unknown}
 J - 5 scrolls of identify
 Q - a scroll of magic mapping {unknown}
Potions
 d - 5 potions of might
 i - 3 potions of magic {unknown}
 n - a potion of haste {unknown}
 p - 6 potions of curing {unknown}
 z - 3 potions of heal wounds {unknown}
 H - a potion of experience {unknown}
 I - 4 potions of attraction {unknown}
 O - a potion of lignification {unknown}
 S - 2 potions of degeneration {unknown}
 W - a potion of flight {unknown}


   Skills:
 + Level 8.2 Fighting
 + Level 11.1 Maces & Flails
 + Level 1.6 Throwing
 + Level 8.7 Armour
 + Level 4.0 Dodging
 + Level 1.8 Stealth
 + Level 10.4 Shields
 + Level 0.2 Evocations


You had 10 spell levels left.
You didn't know any spells.
Your spell library contained the following spells:

 Spells                   Type           Power      Damage    Failure   Level
 Pain                     Necr           0%         1d4       71%         1
 Slow                     Hex            0%         N/A       71%         1
 Confusing Touch          Hex            0%         N/A       97%         3
 Vampiric Draining        Necr           0%         2d6       97%         3
 Cause Fear               Hex            0%         N/A       100%        4
 Agony                    Necr           0%         N/A       100%        5
 Excruciating Wounds      Necr           0%         N/A       100%        5
 Dragon Form              Tmut           0%         N/A       100%        7
 Dragon's Call            Summ           0%         N/A       100%        9


Dungeon Overview and Level Annotations

Branches:
Dungeon (11/15)            Temple (0/1) D:7            Lair (0/6) D:10
    Orc (0/2) D:9

Altars:
Gozag
Hepliaklqana
Kikubaaqudgha
Nemelex Xobeh
Ru
Sif Muna
Trog
Vehumet
Wu Jian
Zin
The Shining One

Shops:
D:3 ?   D:5 !!*!   D:7 *   D:8 ?   D:9 (

Portals:
Trove: D:10 (give 6 scrolls of blinking)

Annotations:
D:8 3 runed translucent doors, ChuckTheHack's ghost, novice MfGl


Innate Abilities, Weirdness & Mutations

You are immune to sickness and miasma.
Your stone body is resilient. (AC +8)
You are immune to poison.
You resist negative energy. (rN+)
You are resistant to electric shocks. (rElec)
You are resistant to unholy torment.
You are immune to petrification.


Message History

You block the manticore's attack.
You closely miss the manticore.
The manticore is heavily wounded.
You hit the manticore.
The manticore is severely wounded.
The manticore bites you!
* * * LOW HITPOINT WARNING * * *
The manticore barely misses you. You block the manticore's attack.
You hit the manticore but do no damage.
The manticore is severely wounded.
You block the manticore's attack. The manticore claws you.
* * * LOW HITPOINT WARNING * * *
The manticore claws you but does no damage.
You hit the manticore.
The manticore is severely wounded.
You hit the manticore.
The manticore is severely wounded.
You block the manticore's attack. The manticore misses you.
You block the manticore's attack.
You hit the manticore.
The manticore is almost dead.
You hit the manticore.
The manticore is almost dead.
The manticore bites you but does no damage.
You block the manticore's attack. The manticore claws you.
* * * LOW HITPOINT WARNING * * *
You barely miss the manticore.
The manticore is almost dead.
You block the manticore's attack.
The manticore claws you but does no damage.
You block the manticore's attack.
You hit the manticore.
The manticore is almost dead.
You hit the manticore.
You kill the manticore!
There is a stone staircase leading up here.
There is a stone staircase leading up here.
The two-headed ogre misses you.
The two-headed ogre hits you with a +0 giant club!
You die...

.###................#
... #
.................#####
.#
.......#.............##
.#
.............<.......[.
....................
..#..#.............
..#.............#..
#.......O.###.##
#.......@.# ##
..........#
..##.......# #........#
#...#...## ######..#
####


You could see a two-headed ogre.

Vanquished Creatures
  Erolcha (D:9)
  Harold (D:8)
  2 manticores
  4 centaur zombies
  2 kobold demonologists (D:10)
  A troll (D:11)
  12 yaks
  2 wyverns
  A basilisk (D:9)
  2 steam dragons
  An acid dragon (D:10)
  A water moccasin (D:7)
  A hornet zombie (D:8)
  6 orc warriors
  2 sky beasts
  3 black bears
  6 ice beasts
  3 necrophages
  3 ogres
  3 centaurs
  4 kobold brigands
  4 bullfrogs
  6 scorpions
  A wyvern skeleton (D:6)
  A water moccasin skeleton (D:5)
  5 killer bees (D:9)
  3 wights (D:8)
  2 hounds (D:4)
  A bullfrog zombie (D:6)
  A jelly (D:7)
  3 bullfrog skeletons
  4 iguanas
  10 orc wizards
  A hound skeleton (D:5)
  A mummy (D:5)
  4 gnolls
  A howler monkey zombie (D:9)
  18 adders
  2 white imps
  An ufetubus (D:6)
  An adder skeleton (D:4)
  2 worms
  2 dart slugs (D:3)
  29 orcs
  9 ball pythons
  3 bats
  7 endoplasms
  7 giant cockroaches
  12 goblins
  7 hobgoblins
  28 kobolds
  4 quokkas (D:4)
  3 frilled lizards (D:2)
  6 rats
  A bush (D:2)
251 creatures vanquished.

Vanquished Creatures (others)
  A bullfrog zombie (D:5)
  5 withered plants (D:8)
6 creatures vanquished.

Grand Total: 257 creatures vanquished

Notes
Turn   | Place    | Note
-------+----------+-------------------------------------------
     0 | D:1      | 101zpm the Gargoyle Fighter began the quest for the Orb.
     0 | D:1      | Reached XP level 1. HP: 14/14 MP: 1/1
   202 | D:1      | Reached XP level 2. HP: 12/19 MP: 2/2
   685 | D:1      | Found a faded altar of an unknown god.
   849 | D:1      | Reached XP level 3. HP: 23/23 MP: 3/3
  1972 | D:3      | Reached XP level 4. HP: 29/29 MP: 4/4
  1980 | D:3      | Noticed a scorpion
  1998 | D:3      | Killed a scorpion
  1999 | D:3      | Reached skill level 3 in Maces & Flails
  1999 | D:3      | Reached XP level 5. HP: 18/33 MP: 5/5
  2768 | D:3      | Reached skill level 1 in Dodging
  2870 | D:4      | Noticed an ogre
  2907 | D:3      | Reached XP level 6. HP: 24/39 MP: 6/6
  2945 | D:3      | Reached skill level 4 in Maces & Flails
  3103 | D:3      | Found Adaghoett's Magic Scroll Emporium.
  3631 | D:4      | Reached skill level 5 in Armour
  3631 | D:4      | Reached XP level 7. HP: 44/44 MP: 7/7
  3817 | D:4      | Found an opulent altar of Gozag.
  3859 | D:4      | Identified the ring of the Omega Point {rElec rPois Will-
                  | MP+9}
  4123 | D:4      | Reached skill level 5 in Maces & Flails
  4199 | D:4      | Reached skill level 5 in Fighting
  4262 | D:4      | Reached skill level 5 in Shields
  4262 | D:4      | Reached XP level 8. HP: 49/49 MP: 8/8
  4711 | D:3      | Bought a scroll of identify for 24 gold pieces
  4747 | D:5      | Entered Level 5 of the Dungeon
  4747 | D:5      | Found a radiant altar of Vehumet.
  4747 | D:5      | Found Jyote's Distillery.
  4786 | D:4      | Reached skill level 6 in Maces & Flails
  5156 | D:5      | Found Rogag's Distillery.
  5440 | D:5      | Found a sparkling altar of Nemelex Xobeh.
  5521 | D:5      | Found Yblutuiz's Distillery.
  5817 | D:5      | Found Ugian's Assorted Antiques.
  5876 | D:5      | Found a shimmering blue altar of Sif Muna.
  6045 | D:6      | Reached skill level 7 in Maces & Flails
  6179 | D:6      | Reached XP level 9. HP: 54/54 MP: 9/9
  6217 | D:6      | Reached skill level 1 in Throwing
  6261 | D:6      | Found an opulent altar of Gozag.
  6262 | D:6      | Found a glowing golden altar of the Shining One.
  6262 | D:6      | Found a bloodstained altar of Trog.
  6263 | D:6      | Found a glowing silver altar of Zin.
  7136 | D:6      | Reached skill level 8 in Maces & Flails
  7527 | D:6      | Reached skill level 1 in Stealth
  8058 | D:6      | Reached XP level 10. HP: 33/61 MP: 10/10
  8213 | D:7      | Reached skill level 9 in Maces & Flails
  8347 | D:7      | Found Ughelem's Assorted Antiques.
  8495 | D:7      | Found a staircase to the Ecumenical Temple.
  8728 | D:7      | Found an ornate altar of the Wu Jian Council.
  9649 | D:8      | Noticed Harold
  9651 | D:8      | Found an ancient bone altar of Kikubaaqudgha.
  9676 | D:8      | Killed Harold
  9919 | D:8      | Found a hazy altar of Hepliaklqana.
  9919 | D:8      | Found a sacrificial altar of Ru.
 10122 | D:8      | Found Feprumna's Magic Scroll Boutique.
 10421 | D:8      | Reached skill level 10 in Maces & Flails
 10481 | D:8      | Found a runed translucent gate.
 10481 | D:8      | Found a runed translucent gate.
 10481 | D:8      | Found a runed translucent gate.
 10482 | D:8      | Noticed ChuckTheHack's ghost (novice MfGl)
 10761 | D:9      | Reached XP level 11. HP: 52/67 MP: 11/11
 10948 | D:9      | Found a staircase to the Orcish Mines.
 10952 | D:9      | Found Toantics's Weapon Emporium.
 11128 | D:9      | Noticed a manticore
 11142 | D:9      | Killed a manticore
 11419 | D:9      | Noticed Erolcha
 11421 | D:9      | Cast into level 1 of the Abyss (Erolcha)
 11441 | D:9      | Escaped the Abyss
 11462 | D:9      | Killed Erolcha
 11463 | D:9      | Reached skill level 10 in Shields
 11489 | D:9      | Noticed a two-headed ogre
 11516 | D:9      | Noticed a centaur warrior
 11888 | D:10     | Entered Level 10 of the Dungeon
 11936 | D:10     | Noticed a sixfirhy
 11943 | D:10     | Noticed a sun demon
 12099 | D:10     | Found a portal to a secret trove of treasure.
 12556 | D:10     | Reached skill level 11 in Maces & Flails
 12750 | D:10     | Found a staircase to the Lair.
 13250 | D:11     | Noticed a manticore
 13251 | D:11     | Noticed a two-headed ogre
 13266 | D:11     | HP: 3/68 [manticore (2)]
 13273 | D:11     | Killed a manticore
 13294 | D:11     | Slain by a two-headed ogre

Illustrated notes

Levels and vault maps discovered:
D:1:      dpeg_arrival_pond, layout_basic, shapermc_ecumenical_altar_petra
D:2:      minmay_wonky_spiral, layout_basic, minmay_hedge_maze
D:3:      layout_basic, serial_shops, shop, minmay_snake_closets
D:4:      minmay_bubble_buster, layout_rooms, serial_curves, eino_curves_03,
          eino_curves_01, minmay_ruined_shrine
D:5:      layout_cave_pools, kennysheep_orc_sif_temple,
          mainiacjoe_overflow_paths, fiery_altar_vehumet,
          gup_ossuary_entry_pyramid, serial_shops, shop_fountains, shop, shop,
          kennysheep_mini_moat
D:6:      layout_cave_pods, chequers_temple_overflow_statue_of_worship,
          serial_co_window_serial, co_window_cross_1,
          co_window_of_opportunity_a, co_window_paths_b, co_window_paths_a,
          co_window_paths_b, co_window_paths_a, co_window_of_opportunity_a,
          co_window_paths_b, co_window_of_opportunity_a, co_window_broadway_c,
          co_window_corner_cb, co_window_of_opportunity_b, glass_columns_a,
          glass_columns_a
D:7:      wad_crossroads, layout_basic, old_standard_altar, temple_doors_ab,
          serial_shops, nicolae_shop_temple_entry_statues_fountains
D:8:      layout_loops_cross, kiku_gazebo_garden_becter,
          gammafunk_temple_overflow_wave, serial_shops, nicolae_diamond_shop,
          gammafunk_ghost_necromancy, uniq_harold
D:9:      layout_loops_corners, orc_david_3, minmay_evil_grid, uniq_erolcha,
          uniq_pikel
D:10:     layout_loops_corners, lair_entry_dummy, nicolae_trove_entry_crossroad
D:11:     layout_cave_pools, uniq_nergalle

Skill      XL: |  1  2  3  4  5  6  7  8  9 10 11 |
---------------+----------------------------------+-----
Fighting       | 4 5 6 7 8 |  8.2
Maces & Flails | 3 4 5 7 8 10 11 | 11.1
Armour         | 4 5 6 7 8 |  8.7
Shields        | 4 5 6 7 9 10 | 10.4
Dodging        | 1 2 3 4 |  4.0
Throwing       | 1 |  1.6
Stealth        | 1 |  1.8
Evocations     | |  0.2

Action                   |  1- 3 |  4- 6 |  7- 9 | 10-12 || total
-------------------------+-------+-------+-------+-------++-------
Melee: Flail             |   200 |    26 |       |       ||   226
       Whip              |       |   120 |   464 |   711 ||  1295
Throw: Stone             |       |       |    18 |       ||    18
       Boomerang         |       |       |       |    13 ||    13
       Throwing net      |       |       |       |     1 ||     1
Evoke: Wand              |       |       |       |     6 ||     6
  Use: Scroll            |       |       |     4 |     1 ||     5
Armor: Scale mail        |    82 |    70 |    87 |   102 ||   341
Dodge: Dodged            |    64 |    51 |   146 |   251 ||   512
Block: Buckler           |    25 |    24 |   218 |   331 ||   598
       Reflection        |       |       |    14 |     8 ||    22
